 Dungeon Crawl Stone Soup version 0.29.1-13-g9f3cf754e1 (webtiles) character file.

Game seed: 16676253865871470650

19 xian the Caller (level 2, -5/20 HPs)
             Began as a Draconian Summoner on Jan 24, 2023.
             Killed by divine providence
             ... invoked by an orc priest
              (11 damage)
             ... on level 2 of the Dungeon.
             The game lasted 00:02:25 (889 turns).

xian the Caller (Draconian Summoner)                 Turns: 889, Time: 00:02:25

Health: -5/20      AC:  6    Str: 16    XL:     2   Next: 55%
Magic:  2/5        EV: 12    Int: 15    God:
Gold:   98         SH:  0    Dex: 17    Spells: 2/5 levels left

rFire   . . .      SeeInvis .   b - +0 dagger
rCold   . . .      Faith    .   (no shield)
rNeg    . . .      Spirit   .   (body armour unavailable)
rPois   .          Reflect  .   e - +2 hat
rElec   .          Harm     .   (no cloak)
rCorr   .          Rampage  .   (no gloves)
Will    .....                   (no boots)
Stlth   ++........              (no amulet)
HPRegen 0.06/turn               f - +6 ring of strength
MPRegen 0.09/turn               h - +6 ring of dexterity

@: no status effects
A: AC +4, unfitting armour, cold-blooded
a: no special abilities


You were on level 2 of the Dungeon.
You visited 1 branch of the dungeon, and saw 2 of its levels.

You collected 98 gold pieces.

Inventory:

Hand Weapons
 b - a +0 dagger (weapon)
Armour
 e - a +2 hat (worn)
Jewellery
 f - a +6 ring of strength (left hand)
 h - a +6 ring of dexterity (right hand)
Scrolls
 c - 2 scrolls of identify {unknown}
 d - a scroll of torment {unknown}
 g - 2 scrolls of brand weapon {unknown}
 j - a scroll of butterflies {unknown}
 l - a scroll of teleportation {unknown}
 m - a scroll of magic mapping {unknown}
Potions
 a - 2 potions of magic
 i - a potion of degeneration {unknown}
 k - a potion of flight {unknown}
 n - a potion of resistance {unknown}
 o - a potion of curing {unknown}
 p - a potion of attraction {unknown}


   Skills:
 + Level 2.0 Dodging
 + Level 1.9 Stealth
 + Level 2.2 Spellcasting
 + Level 4.3 Summonings


You had 2 spell levels left.
You knew the following spells:

 Your Spells              Type           Power      Damage    Failure   Level
a - Summon Small Mammal   Summ           56%        N/A       3%          1
b - Call Imp              Summ           14%        N/A       5%          2

Your spell library contained the following spells:

 Spells                   Type           Power      Damage    Failure   Level
 Call Canine Familiar     Summ           14%        N/A       11%         3
 Summon Guardian Golem    Hex/Summ       8%         N/A       26%         3
 Summon Lightning Spire   Summ/Air       8%         N/A       65%         4


Dungeon Overview and Level Annotations

Branches:
Dungeon (2/15)

Altars:


Innate Abilities, Weirdness & Mutations

Your plain brown scales are hard. (AC +4)
You cannot fit into any form of body armour.
You are cold-blooded and may be slowed by cold attacks.


Message History

You swap places.
Your bat disappears in a puff of smoke!
You now have 98 gold pieces (gained 13).
Your rat disappears in a puff of smoke!
You open the door.
An orc priest, 2 orcs and a kobold come into view.
An orc, an adder and a goblin come into view.
The orc shouts!
The kobold shouts!
The orc shouts! x2; The goblin shouts!
The orc priest shouts!
The adder hisses angrily.
The orc priest calls down the wrath of Beogh upon you.
Beogh smites you!
Ouch! That really hurt!
* * * LOW HITPOINT WARNING * * *
The kobold hits you with a +0 whip.
* * * LOW HITPOINT WARNING * * *
The orc hits you but does no damage.
There is an open door here.
You swap places.
Your crimson imp hits the orc.
The orc barely misses your crimson imp.
The kobold hits your crimson imp but does no damage.
The orc misses your crimson imp.
Your crimson imp blinks!
Your crimson imp disappears in a puff of smoke!
Unknown command.
Casting: Summon Small Mammal (safe; 3% risk of failure)
Confirm with . or Enter, or press ? or * to list all spells.
You swap places.
Your bat hits the kobold but does no damage.
Your bat barely misses the kobold.
The kobold closely misses your bat.
Your bat misses the kobold.
Your bat closely misses the kobold. x2
Casting: Summon Small Mammal (safe; 3% risk of failure)
Confirm with . or Enter, or press ? or * to list all spells.
A beastly little devil appears in a puff of frigid air.
Your bat closely misses the kobold.
The kobold barely misses your bat.
Your bat closely misses the kobold.
The kobold barely misses your bat.
The orc priest mumbles some strange prayers to Beogh against you.
Beogh smites you!
Ouch! That really hurt!
You die...

############......#
..................#
..##########......# #######
..# #......# ....... ..#
#......# ....... ..# #.####.#
....... ..# #......# .......
..#####################o......
...............5@.bKgSoo......
#######################o......
....... ....... #######


You could see an orc priest, an adder, 3 orcs, a goblin, a kobold (ally target),
a friendly white imp (summoned) and a friendly bat (summoned).

Vanquished Creatures
  An endoplasm (D:2)
  A giant cockroach (D:2)
  A ball python (D:1)
  2 frilled lizards
5 creatures vanquished.

Vanquished Creatures (collateral kills)
  An adder (D:2)
  2 goblins
  A hobgoblin (D:1)
  A kobold (D:1)
  A rat (D:1)
6 creatures vanquished.

Grand Total: 11 creatures vanquished

Notes
Turn   | Place    | Note
-------+----------+-------------------------------------------
     0 | D:1      | xian the Draconian Summoner began the quest for the Orb.
     0 | D:1      | Reached XP level 1. HP: 14/14 MP: 3/3
   762 | D:2      | Reached XP level 2. HP: 20/20 MP: 3/5
   770 | D:2      | Learned a level 2 spell: Call Imp
   889 | D:2      | Killed from afar by an orc priest

Illustrated notes

Levels and vault maps discovered:
D:1:      minmay_arrival_five_plusses, layout_basic
D:2:      layout_basic, minmay_tromino_v4_c, uniq_sigmund, uniq_terence

Skill      XL: |  1 |
---------------+----+-----
Dodging        | 2 |  2.0
Stealth        | |  1.9
Spellcasting   | |  2.2
Summonings     | |  4.3

Action                   || total
-------------------------++-------
Melee: Dagger            ||    20
       Unarmed           ||    11
       Tailslap          ||     5
 Cast: Summon Small Mamm ||    12
       Call Imp          ||     2
Armor: Skin              ||     8
Dodge: Dodged            ||    20
